 Dungeon Crawl Stone Soup version 0.32-a0-900-g30fb1b0edc (webtiles) character file.

Game seed: 17500487797656270629

243204 Esekla the Thaumaturge (level 18, -8/162 HPs)
             Began as a Demonspawn Wanderer on Apr 4, 2024.
             Was a High Priest of Ashenzari.
             Killed from afar by a frost giant (35 damage)
             ... with a bolt of cold
             ... on level 1 of the Vaults on Apr 5, 2024.
             The game lasted 05:06:55 (43720 turns).

Esekla the Thaumaturge (Demonspawn Wanderer)       Turns: 43720, Time: 05:06:55

Health: -8/162     AC: 16    Str: 18    XL:     18   Next: 70%
Magic:  38/50      EV: 13    Int: 27    God:    Ashenzari [*****.]
Gold:   1290       SH: 13    Dex: 12    Spells: 2/56 levels left

rFire   . . .        a - +8 trident of the Octopus King {venom, rElec rPois, Comp, Elem} (curse)
rCold   . . .        P - +3 buckler "Mistrust of Ashenzari" {Int+5 Stlth+, Sorc, Elem} (curse)
rNeg    . . .        m - +3 troll leather armour
rPois   +            x - +0 helmet of the Visionary Secrets {Self, Dev} (curse)
rElec   +            (cloak unavailable)
rCorr   .            T - +2 pair of gloves of Ashenzari's Stars {rElec Str-2 Dex+2 Slay+2, Self, Sorc} (curse)
SInv    +            s - +2 pair of boots of the Eternal God {Stlth+, Cun, Sorc} (curse)
Will    +....        c - amulet "Thunder Perfect Mind" {Reflect SH+5, Self, Elem} (curse)
Stlth   +++++        L - ring "Per Aspera Ad Scientiam" {Str+6, Self, Fort} (curse)
HPRegen 1.27/turn    C - ring of Supernal Knowledge {MP+9, Range, Sorc} (curse)
MPRegen 0.32/turn

%: reflection, clarity
@: about to teleport, marked, studying Throwing
A: rugged brown scales 2, demonic guardian 3, spiny 2, weakness stinger 3
}: 2/15 runes: decaying, serpentine
a: Renounce Religion, Shatter the Chains


You were on level 1 of the Vaults.
You worshipped Ashenzari.
Ashenzari was extremely pleased with you.
You visited 7 branches of the dungeon, and saw 32 of its levels.
You also visited: Sewer, Bailey, Gauntlet and Ice Cave.

You collected 3903 gold pieces.
You spent 2613 gold pieces at shops.

Inventory:

Hand Weapons
 a - the cursed +8 trident of the Octopus King (weapon) {venom, rElec rPois, Comp, Elem}
   (You found it on level 5 of the Dungeon)

   rElec:     It insulates you from electricity.
   rPois:     It protects you from poison.
   It has a curse which improves the following skills: Companions: Summonings
   and Necromancy.
   Elements:  Fire Magic, Ice Magic, Air Magic and Earth Magic.
Missiles
 g - 4 curare-tipped darts
 u - 69 poisoned darts
 D - 21 boomerangs (quivered)
 N - 6 silver javelins
Armour
 m - a +3 troll leather armour (worn)
 s - the cursed +2 pair of boots of the Eternal God (worn) {Stlth+, Cun, Sorc}
   (You found it in a Gauntlet)

   It has a curse which improves the following skills: Cunning: Dodging and
   Stealth.
   Sorcery:   Conjurations and Alchemy.
 x - the cursed +0 helmet of the Visionary Secrets (worn) {Self, Dev}
   (You found it on level 5 of the Dungeon)

   It has a curse which improves the following skills: Introspection: Fighting
   and Spellcasting.
   Devices:   Evocations and Shapeshifting.
 z - a +2 robe of resistance
 J - a +0 kite shield of reflection
 P - the cursed +3 buckler "Mistrust of Ashenzari" (worn) {Int+5 Stlth+, Sorc, Elem}
   (You found it on level 13 of the Dungeon)

   Int+5:     It affects your intelligence (+5).
   Stlth+:    It makes you more stealthy.
   It has a curse which improves the following skills: Sorcery: Conjurations and
   Alchemy.
   Elements:  Fire Magic, Ice Magic, Air Magic and Earth Magic.
 T - the cursed +2 pair of gloves of Ashenzari's Stars (worn) {rElec Str-2 Dex+2 Slay+2, Self, Sorc}
   (You found it on level 2 of the Lair of Beasts)

   Str-2:     It affects your strength (-2).
   Dex+2:     It affects your dexterity (+2).
   Slay+2:    It affects your accuracy & damage with ranged weapons and melee
   (+2).
   rElec:     It insulates you from electricity.
   It has a curse which improves the following skills: Introspection: Fighting
   and Spellcasting.
   Sorcery:   Conjurations and Alchemy.
Jewellery
 c - the cursed amulet "Thunder Perfect Mind" (around neck) {Reflect SH+5, Self, Elem}
   (You found it in an ice cave)

   [amulet of reflection]

   Reflect:   It reflects blocked missile attacks.
   SH+5:      It affects your SH (+5).
   It has a curse which improves the following skills: Introspection: Fighting
   and Spellcasting.
   Elements:  Fire Magic, Ice Magic, Air Magic and Earth Magic.
 l - an amulet of magic regeneration
 w - a ring of protection from fire
 A - a ring of protection from fire
 C - the cursed ring of Supernal Knowledge (right hand) {MP+9, Range, Sorc}
   (You found it in an ice cave)

   [ring of magical power]

   MP+9:      It affects your magic capacity (+9).
   It has a curse which improves the following skills: Ranged Combat: Ranged
   Weapons and Throwing.
   Sorcery:   Conjurations and Alchemy.
 F - a ring of ice
 I - a ring of poison resistance
 K - a ring of magical power
 L - the cursed ring "Per Aspera Ad Scientiam" (left hand) {Str+6, Self, Fort}
   (You found it in an ice cave)

   [ring of strength]

   Str+6:     It affects your strength (+6).
   It has a curse which improves the following skills: Introspection: Fighting
   and Spellcasting.
   Fortitude: Armour and Shields.
 V - a ring of protection from cold
 Y - a ring of flight
 Z - a +6 ring of intelligence
Wands
 t - a wand of iceblast (11)
 O - a wand of flame (17)
 Q - a wand of light (10)
 R - a wand of mindburst (14)
Scrolls
 d - 4 scrolls of enchant weapon
 f - a scroll of enchant armour
 h - 9 scrolls of revelation
 i - 4 scrolls of blinking
 n - 5 scrolls of fear
 y - 4 scrolls of poison
 E - 5 scrolls of fog
 U - 8 scrolls of teleportation
Potions
 b - 12 potions of curing
 e - 5 potions of heal wounds
 j - 3 potions of might
 k - 5 potions of enlightenment
 o - 6 potions of brilliance
 p - 4 potions of attraction
 q - 5 potions of haste
 r - a potion of experience
 v - 3 potions of invisibility
 B - 4 potions of magic
 G - 2 potions of cancellation
 H - a potion of ambrosia
 S - 2 potions of resistance
 W - 2 potions of berserk rage
Miscellaneous
 X - a lightning rod (4/4)


   Skills:
 * Level 12.3(17.3) Fighting
 + Level 1.9 Short Blades
 * Level 14.0 Polearms
 + Level 6.7(9.0) Throwing
 + Level 3.9(5.9) Armour
 + Level 6.5(8.7) Dodging
 + Level 4.8(6.9) Stealth
 + Level 4.3(6.3) Shields
 * Level 14.7(19.7) Spellcasting
 + Level 9.4(14.4) Conjurations
 - Level 5.0(7.1) Summonings
 + Level 9.8(11.9) Necromancy
 + Level 4.7 Translocations
 + Level 7.2(11.4) Fire Magic
 + Level 7.6(11.8) Ice Magic
 * Level 10.4(14.5) Air Magic
 + Level 5.7(10.5) Alchemy
 + Level 0.3(1.0) Evocations


You had 2 spell levels left.
You knew the following spells:

 Your Spells              Type           Power      Damage    Failure   Level
a - Ozocubu's Armour      Ice            74%        N/A       1%          3
b - Blink                 Tloc           100%       N/A       1%          2
c - Mephitic Cloud        Conj/Alch/Air  78%        N/A       1%          3
d - Vampiric Draining     Necr           74%        2d11      1%          3
e - Orb of Destruction    Conj           40%        9d11      5%          7
i - Irradiate             Conj/Alch      38%        3d24      1%          5
k - Airstrike             Air            40%        2d(6-22)  1%          4
n - Ignite Poison         Fire/Alch      72%        N/A       1%          4
o - Scorch                Fire           100%       2d9       1%          2
p - Apportation           Tloc           100%       N/A       1%          1
r - Frozen Ramparts       Ice            100%       1d16      1%          3
s - Summon Lightning Spi  Summ/Air       71%        N/A       1%          4
u - Dispel Undead         Necr           74%        3d25      1%          4
y - Sticky Flame          Fire/Alch      72%        2d12      1%          4
z - Freezing Cloud        Conj/Ice/Air   39%        6-21      1%          5

Your spell library contained the following spells:

 Spells                   Type           Power      Damage    Failure   Level
 Foxfire                  Conj/Fire      100%       2x1d9     0%          1
 Kiss of Death            Conj/Necr      100%       2d13      0%          1
 Magic Dart               Conj           100%       1d8       0%          1
 Shock                    Conj/Air       100%       1d9       0%          1
 Static Discharge         Conj/Air       100%       3-8/arc   0%          2
 Necrotise                Necr           100%       1d9       1%          1
 Sandblast                Erth           58%        2d13      1%          1
 Summon Small Mammal      Summ           100%       N/A       1%          1
 Call Imp                 Summ           100%       N/A       1%          2
 Cigotuvi's Dreadful Rot  Necr/Alch/Air  100%       N/A       1%          2
 Lesser Beckoning         Tloc           100%       N/A       1%          2
 Mercury Vapours          Alch/Air       100%       N/A       1%          2
 Momentum Strike          Conj/Tloc      100%       3d10      1%          2
 Sublimation of Blood     Necr           74%        N/A       1%          2
 Jinxbite                 Hex            52%        N/A       3%          2
 Call Canine Familiar     Summ           60%        N/A       1%          3
 Fugue of the Fallen      Necr           74%        N/A       1%          3
 Inner Flame              Hex/Fire       55%        N/A       1%          3
 Stone Arrow              Conj/Erth      100%       3d13      1%          3
 Swiftness                Air            81%        N/A       1%          3
 Brom's Barrelling Bould  Conj/Erth      61%        2d8       1%          4
 Flame Wave               Conj/Fire      77%        2d17      1%          4
 Summon Blazeheart Golem  Fire/Summ      67%        N/A       1%          4
 Alistair's Intoxication  Alch           46%        N/A       1%          5
 Iskenderun's Battlesphe  Conj           81%        2d13      1%          5
 Plasma Beam              Fire/Air       38%        2x1d52    1%          6
 Starburst                Conj/Fire      38%        6d11      1%          6
 Petrify                  Alch/Erth      54%        N/A       2%          4
 Animate Armour           Summ/Erth      94%        N/A       4%          4
 Metabolic Englaciation   Hex/Ice        27%        N/A       6%          5
 Confusing Touch          Hex            26%        N/A       7%          3
 Sigil of Binding         Hex            26%        N/A       7%          3
 Yara's Violent Unravell  Hex/Alch       26%        3d11      8%          5
 Dimensional Bullseye     Hex/Tloc       19%        N/A       9%          4
 Bombard                  Conj/Erth      30%        9d5       16%         6
 Summon Cactus Giant      Summ           30%        N/A       19%         6
 Spellforged Servitor     Conj/Summ      35%        N/A       24%         7
 Manifold Assault         Tloc           25%        N/A       95%         7
 Enfeeble                 Hex            13%        N/A       100%        7
 Lehudib's Crystal Spear  Conj/Erth      30%        10d8      100%        8


Dungeon Overview and Level Annotations

Branches:
Dungeon (15/15)            Temple (1/1) D:7            Lair (5/5) D:8
  Swamp (4/4) Lair:2        Snake (4/4) Lair:3        Slime (0/5) Lair:5
    Orc (2/2) D:10            Elf (0/3) Orc:2        Vaults (1/5) D:13
 Depths (0/4) D:15          Sewer (visited)          Bailey (visited)
  IceCv (visited)         Gauntlet (visited)

Altars:
Ashenzari
Cheibriados
Dithmenos
Fedhas
Gozag
Hepliaklqana
Kikubaaqudgha
Makhleb
Nemelex Xobeh
Okawaru
Qazlal
Ru
Sif Muna
Trog
Uskayaw
Vehumet
Wu Jian
Xom
Yredelemnul
Beogh
Jiyva

Shops:
D:1 *?:   D:10 !=[[?   Orc:2 (?!=:   Snake:4 :*

Annotations:
Swamp:2 1 runed translucent door, Xokem's ghost, journeyman DrHs
Snake:2 2 transporters, zewo's ghost, adept DrDe


Innate Abilities, Weirdness & Mutations

You are mostly covered in rugged brown scales. (AC +2, +5% HP)
A powerful demonic guardian rushes to your aid.
You are mostly covered in sharp spines.
You have a sharp stinger which inflicts weakening toxins.


Message History

Reach: a) +8 trident of the Octopus King {venom, rElec rPois, Comp, Elem} (curse)
Press: ? - help, Dir - move target, f - frost giant, p - yaktaur captain
Aim: a frost giant, wielding a +4 battleaxe of freezing (freezing vapour, about 9% to evade the cursed +8 trident of the Octopus King)
You reach to attack!
You completely miss the frost giant.
The frost giant is engulfed in freezing vapours.
The yaktaur captain barely misses you.
Casting: Ignite Poison (safe; 1% risk of failure)
Confirm with . or Enter, or press ? or * to list all spells.
You ignite the poison in your surroundings!
The yaktaur captain seems to burn from within!!!
You kill the yaktaur captain!
The lindwurm is engulfed in freezing vapours.
The frost giant gestures at you while chanting.
The bolt of cold hits you!!
You barely miss the lindwurm.
You tail-slap the lindwurm, but do no damage.
The lindwurm is moderately wounded.
The frost giant gestures at you while chanting.
The bolt of cold hits you!! The lindwurm breathes flames at you.
The blast of flame misses you.
As you read the scroll of teleportation, it crumbles to dust.
You feel strangely unstable.
A lindwurm comes into view.
You block the lindwurm's attack. x2
The lindwurm claws you but does no damage.
The frost giant is struck by your spines.
The frost giant hits you with a +4 battleaxe of freezing!!!
* * * LOW HITPOINT WARNING * * *
The frost giant freezes you!!
* * * LOW HITPOINT WARNING * * *
A demonic guardian appears!
You feel much better. The lindwurm breathes flames at you.
The blast of flame hits you!!
* * * LOW HITPOINT WARNING * * *
The vault warden is engulfed in freezing vapours.
The frost giant casts a spell at you. The bolt of cold hits you!!
You die...

#############...#....#####.....
##########...#'####***#+####
#........'...k{...,,,,,,,,,*
#........#.cp#....,,>,,,,,∆#
#........#§§§#.....{,,,,,,,#
#........#§§p######,,,*****#
#........#§.§#*,p?#,{,*∆{,*#
#........#.Ck#*,C[#.,,*∆{,*#
#........#)@2#*'***,,,***+*#
#........#...#,,,,,,,,,,,,{#
##########.))#,,,,,,>,,{,{,#
########...#,,,,,,,,,,,{,#
#......#...###############
#......#..................
#......)....(.............
#......#..................
#......#..................


You could see a frost giant (ally target), a vault warden, a centaur warrior
(strong), 2 lindwurms, an ironbound convoker and a friendly hell beast
(summoned).

Vanquished Creatures
  Mara (Snake:3)
  Nikola (Swamp:1)
  Jorgrun (Swamp:2)
  A tentacled monstrosity (Swamp:3)
  Mlioglotl (Snake:2)
  Aizul (Snake:1)
  Donald (Vaults:1)
  2 thorn hunters (Swamp:4)
  2 fenstrider witches (Swamp:3)
  9 nagarajas
  A formless jellyfish (Vaults:1)
  A ghoul (Swamp:4)
  2 ironbound preservers
  2 orc warlords
  3 eleionomae
  6 bunyips
  3 dire elephants (Vaults:1)
  A minotaur (Gauntlet)
  A yaktaur captain (Vaults:1)
  2 green deaths (Snake:2)
  23 hydras
  A rakshasa (D:15)
  Harold (D:10)
  5 salamander tyrants
  12 centaur warriors
  12 alligators
  2 ghost crabs
  12 anacondas
  3 boulder beetles
  6 two-headed ogres
  13 naga sharpshooters
  6 spriggans
  8 naga warriors
  An orc high priest (Orc:1)
  5 shock serpents
  2 skysharks
  6 salamander mystics
  7 goliath frogs
  A glowing orange brain (Vaults:1)
  3 sea snakes (Snake:4)
  An arcanist (Vaults:1)
  4 deep trolls (Vaults:1)
  4 spriggan druids
  11 swamp dragons
  6 mana vipers
  3 ironbound convokers (Vaults:1)
  2 bog bodies
  12 naga ritualists
  4 lindwurms
  6 orc knights
  4 deep elf pyromancers
  A necromancer (D:15)
  A lightning spire (Gauntlet)
  A wolf spider zombie (D:15)
  3 orc sorcerers
  A deep elf zephyrmancer (D:15)
  12 ugly things
  3 oklob plants (Lair:5)
  2 will-o-the-wisps
  Maurice (Orc:2)
  4 manticores
  14 salamanders (Snake:3)
  10 cyclopes
  3 meliai (D:13)
  6 elephants
  A guardian serpent (Snake:3)
  27 black mambas
  2 vault sentinels (Vaults:1)
  A centaur zombie (D:15)
  24 cane toads
  2 ice statues (IceCv)
  14 naga magi
  3 kobold blastminers (Orc:2)
  2 gargoyles
  2 kobold demonologists
  A freezing wraith (D:14)
  5 rime drakes
  An efreet (D:13)
  8 komodo dragons
  2 ice devils (Orc:1)
  5 tengu conjurers
  5 trolls
  A bloated husk (Swamp:3)
  8 hornets
  A wolf spider simulacrum (D:15)
  2 polar bears (Lair:5)
  2 raiju (Gauntlet)
  Prince Ribbit (D:9)
  15 tyrant leeches
  13 blink frogs
  5 dream sheep (Lair:5)
  15 slime creatures
  8 wyverns
  A vampire (D:12)
  47 yaks
  A yak (shapeshifter) (D:14)
  8 basilisks
  6 wraiths
  A ynoxinul (Gauntlet)
  A warg (Orc:1)
  6 steam dragons
  19 vampire mosquitoes
  32 nagas
  16 swamp worms
  An acid dragon (D:9)
  24 water moccasins
  10 swamp drakes
  45 orc warriors
  2 ice beasts
  A laughing skull (D:10)
  5 sky beasts
  7 ogres
  12 wolves
  16 centaurs
  7 boggarts
  4 phantoms
  5 kobold brigands
  Blork the orc (D:4)
  24 bullfrogs
  A gnoll sergeant (D:8)
  2 scorpions
  A hornet simulacrum (D:15)
  11 wights
  12 killer bees
  6 howler monkeys
  2 electric eels (Lair:5)
  3 bombardier beetles (D:5)
  5 komodo dragon simulacra (IceCv)
  2 quasits (Sewer)
  23 orc priests
  2 hounds
  A jelly (D:5)
  2 iron imps (Gauntlet)
  5 iguanas
  Natasha (twice) (D:3)
  A boggart zombie (D:15)
  29 orc wizards
  11 gnolls
  11 acid dragon simulacra (IceCv)
  7 adders
  3 shadow imps (Sewer)
  4 ufetubi
  4 steam dragon simulacra (IceCv)
  An adder zombie (Sewer)
  2 dart slugs
  A ribbon worm (D:5)
  76 orcs
  11 bats
  8 endoplasms
  4 giant cockroaches
  11 goblins
  9 hobgoblins
  3 jackals (D:3)
  40 kobolds
  3 quokkas
  5 ball pythons
  2 frilled lizards
  A kobold zombie (Sewer)
  7 rats
1102 creatures vanquished.

Vanquished Creatures (collateral kills)
  A white draconian (IceCv)
  A bunyip (Swamp:2)
  A mana viper (Snake:1)
  A kobold blastminer (Orc:2)
  A rust devil (Gauntlet)
  A naga mage (Snake:4)
  4 cane toads
  2 rime drakes (IceCv)
  2 blink frogs (Lair:5)
  5 yaks (Lair:4)
  A vampire mosquito (Lair:5)
  2 nagas
  A centaur (Orc:2)
  A bullfrog (Lair:5)
  Natasha (D:3)
  An acid dragon simulacrum (IceCv)
  3 adders
  A dart slug (D:2)
  2 ribbon worms
  3 orcs
  A bat (D:2)
  2 endoplasms
  A giant cockroach (D:1)
  A goblin (D:2)
  A hobgoblin (D:1)
  A kobold (D:2)
  3 ball pythons
  2 frilled lizards
47 creatures vanquished.

Vanquished Creatures (others)
  A goliath frog (Swamp:2)
  A bloated husk (Swamp:1)
  3 orcs
  6 foxfires
11 creatures vanquished.

Grand Total: 1160 creatures vanquished

Notes
Turn   | Place    | Note
-------+----------+-------------------------------------------
     0 | D:1      | Esekla the Demonspawn Wanderer began the quest for the Orb.
     0 | D:1      | Esekla set off with the following items: a +0 club, a
                  | potion of curing, a +0 scale mail; and the following spells
                  | available to memorise: Summon Small Mammal, Call Imp,
                  | Necrotise, Vampiric Draining, Summon Lightning Spire.
     0 | D:1      | Reached XP level 1. HP: 13/13 MP: 3/3
   102 | D:1      | Found Kumoz's Book Shop.
   227 | D:1      | Found Qyesh's Magic Scroll Boutique.
   247 | D:1      | Reached skill level 1 in Fighting
   247 | D:1      | Gained mutation: A weak demonic guardian rushes to your
                  | aid. [demonic ancestry]
   247 | D:1      | Reached XP level 2. HP: 11/21 MP: 5/5
   567 | D:1      | You fall into a shaft and drop 1 floor!
   649 | D:1      | Gained mutation: You have a small tail. [demonic ancestry]
   649 | D:1      | Reached XP level 3. HP: 19/26 MP: 6/6
   653 | D:1      | Learned a level 3 spell: Vampiric Draining
  1505 | D:1      | Found Torhegat's General Store.
  2077 | D:2      | Gained mutation: You are partially covered in rugged brown
                  | scales. (AC +1, +3% HP) [demonic ancestry]
  2077 | D:2      | Reached XP level 4. HP: 15/33 MP: 3/7
  2295 | D:2      | Reached skill level 1 in Short Blades
  2474 | D:2      | Reached XP level 5. HP: 36/39 MP: 9/9
  2829 | D:3      | Reached skill level 1 in Dodging
  2923 | D:3      | Noticed Natasha
  2942 | D:3      | Killed Natasha
  3142 | D:3      | Noticed Natasha
  3299 | D:3      | Killed Natasha
  3353 | D:3      | Noticed Natasha
  3364 | D:3      | Killed Natasha
  3496 | D:3      | Reached XP level 6. HP: 42/47 MP: 10/10
  4476 | D:4      | Noticed Blork the orc
  4685 | D:4      | Reached skill level 1 in Translocations
  4878 | D:4      | Killed Blork the orc
  4879 | D:4      | Gained mutation: You have a tail ending in a sharp stinger.
                  | [demonic ancestry]
  4879 | D:4      | Reached XP level 7. HP: 40/53 MP: 0/12
  5023 | D:5      | Entered Level 5 of the Dungeon
  5040 | D:5      | Found a broken altar of Ashenzari.
  5063 | D:5      | Became a worshipper of Ashenzari the Shackled
  5161 | D:1      | Bought a book of Spatial Translocations for 252 gold pieces
  5164 | D:1      | Learned a level 2 spell: Blink
  5377 | D:5      | Found the +8 trident of the Octopus King {venom, rElec
                  | rPois}
  5477 | D:5      | Reached skill level 1 in Polearms
  5779 | D:5      | Found a shimmering altar of Xom.
  5878 | D:5      | Found a basalt altar of Yredelemnul.
  5885 | D:5      | Reached skill level 5 in Necromancy
  6004 | D:4      | Reached skill level 1 in Stealth
  6085 | D:5      | Gained mutation: You have a sharp stinger which inflicts
                  | weakening toxins. [demonic ancestry]
  6085 | D:5      | Reached XP level 8. HP: 51/59 MP: 7/14
  6807 | D:6      | Reached skill level 1 in Throwing
  7021 | D:6      | Found a glowing drain.
  7028 | D:6      | Found a sparkling altar of Nemelex Xobeh.
  7061 | Sewer    | Entered a sewer
  7184 | Sewer    | Found a burning altar of Makhleb.
  7195 | Sewer    | Gained mutation: You are mostly covered in rugged brown
                  | scales. (AC +2, +5% HP) [demonic ancestry]
  7195 | Sewer    | Reached XP level 9. HP: 57/68 MP: 16/16
  7576 | D:6      | Learned a level 1 spell: Apportation
  7634 | D:6      | Found a stormy altar of Qazlal.
  7655 | D:6      | Reached * piety under Ashenzari
  7686 | D:6      | Reached skill level 5 in Spellcasting
  8389 | D:7      | Reached skill level 5 in Polearms
  8690 | D:7      | Reached ** piety under Ashenzari
  9079 | D:7      | Found a snail-covered altar of Cheibriados.
  9080 | D:7      | Found an iron altar of Okawaru.
  9121 | D:7      | Reached skill level 5 in Fighting
  9127 | D:7      | Found a shimmering blue altar of Sif Muna.
  9182 | D:7      | Found a staircase to the Ecumenical Temple.
  9188 | Temple   | Entered the Ecumenical Temple
  9576 | D:8      | Found a blossoming altar of Fedhas.
  9589 | D:8      | Reached *** piety under Ashenzari
  9667 | D:8      | Reached skill level 1 in Air Magic
  9675 | D:8      | Found a staircase to the Lair.
  9714 | D:8      | Reached skill level 1 in Ice Magic
  9717 | D:8      | Reached XP level 10. HP: 28/80 MP: 11/20
  9827 | D:8      | Found a flagged portal.
  9847 | Bailey   | Entered a bailey
  9867 | Bailey   | Noticed an orc warlord
  9867 | Bailey   | Identified the +1 bardiche "Xysiuss" {antimagic, rPois rC-
                  | Int+8 Dex-4}
  9994 | Bailey   | Found a runed translucent gate.
  9996 | Bailey   | Found a runed translucent gate.
  9997 | Bailey   | Found a runed translucent gate.
 10141 | Bailey   | Killed an orc warlord
 10142 | Bailey   | Reached skill level 1 in Conjurations
 10142 | Bailey   | Reached skill level 1 in Fire Magic
 10651 | D:8      | Noticed a two-headed ogre
 10656 | D:8      | Killed a two-headed ogre
 11095 | D:9      | Noticed a +0 dagger
 11095 | D:9      | Noticed a +0 falchion
 11095 | D:9      | Noticed a +0 short sword
 11095 | D:9      | Noticed a +0 spear
 11183 | D:9      | Noticed Prince Ribbit
 11190 | D:9      | Killed Prince Ribbit
 11294 | D:9      | Reached XP level 11. HP: 69/87 MP: 23/23
 11968 | D:9      | Noticed a +0 spear
 11983 | D:9      | Found a hide-covered altar of Uskayaw.
 11983 | D:9      | Noticed a +0 short sword
 11984 | D:9      | Noticed a +0 falchion
 11984 | D:9      | Noticed a +0 dagger
 12407 | D:10     | Entered Level 10 of the Dungeon
 12457 | D:10     | Found Malof's Armour Boutique.
 12509 | D:10     | Found Osug's Jewellery Boutique.
 12837 | D:10     | Found a staircase to the Orcish Mines.
 12891 | D:10     | Found Pyozezor's Magic Scroll Boutique.
 13170 | D:10     | Noticed Harold
 13182 | D:10     | Reached **** piety under Ashenzari
 13192 | D:10     | Killed Harold
 13666 | D:10     | Found Wialufi's Armour Boutique.
 13710 | D:10     | Found Ezail's Distillery.
 13973 | D:1      | Bought a Trismegistus Codex for 392 gold pieces
 13979 | D:1      | Learned a level 5 spell: Freezing Cloud
 14114 | D:8      | Learned a level 4 spell: Summon Lightning Spire
 14119 | D:8      | Learned a level 4 spell: Ignite Poison
 14253 | D:11     | Noticed a boulder beetle
 14268 | D:11     | Killed a boulder beetle
 14430 | D:11     | Noticed a two-headed ogre
 14438 | D:11     | Killed a two-headed ogre
 14439 | D:11     | Reached skill level 1 in Alchemy
 14648 | D:11     | Noticed a two-headed ogre
 14657 | D:11     | Killed a two-headed ogre
 14658 | D:11     | Gained mutation: You are partially covered in sharp spines.
                  | [demonic ancestry]
 14658 | D:11     | Reached XP level 12. HP: 80/101 MP: 18/27
 15153 | Orc:1    | Entered Level 1 of the Orcish Mines
 15153 | Orc:1    | Noticed an orc high priest
 15170 | Orc:1    | Killed an orc high priest
 15297 | Orc:1    | Found a roughly hewn altar of Beogh.
 15310 | Orc:1    | Reached skill level 5 in Ice Magic
 15310 | Orc:1    | Found a frozen archway.
 15469 | IceCv    | Entered an ice cave
 16451 | IceCv    | Noticed a white draconian
 16475 | IceCv    | Killed a white draconian
 17260 | D:10     | Bought a potion of enlightenment for 55 gold pieces
 17341 | Orc:2    | Entered Level 2 of the Orcish Mines
 17584 | Orc:2    | Noticed Maurice
 17850 | Orc:2    | Killed Maurice
 18664 | Orc:2    | Reached XP level 13. HP: 83/108 MP: 21/28
 19166 | D:1      | Bought a manual of Throwing for 960 gold pieces
 19648 | Orc:2    | Found a staircase to the Elven Halls.
 19727 | Orc:2    | Reached skill level 5 in Fire Magic
 20124 | Orc:2    | Found Siukh's Jewellery Boutique.
 20124 | Orc:2    | Found Teuzuv's Distillery.
 20126 | Orc:2    | Found Teukoj's Magic Scroll Emporium.
 20128 | Orc:2    | Found Zouped's Book Shop.
 20169 | Orc:2    | Found Deiwnag's Weapon Shop.
 20229 | Orc:2    | Bought a scroll of enchant armour for 112 gold pieces
 20356 | Lair:1   | Entered Level 1 of the Lair of Beasts
 20519 | Lair:1   | Reached skill level 10 in Polearms
 20553 | Lair:1   | Reached skill level 5 in Conjurations
 20560 | Lair:1   | Found a gate leading to a gauntlet.
 20573 | Gauntlet | Entered a Gauntlet
 20573 | Gauntlet | Found a transporter.
 20573 | Gauntlet | Found a transporter.
 20573 | Gauntlet | Found a runed translucent door.
 20573 | Gauntlet | Found a runed translucent door.
 20575 | Gauntlet | Found a transporter.
 20579 | Gauntlet | Found a transporter.
 20579 | Gauntlet | Found a transporter.
 20579 | Gauntlet | Found a transporter.
 20598 | Gauntlet | Found a runed translucent door.
 20612 | Gauntlet | Found a transporter.
 20616 | Gauntlet | Found a transporter.
 20630 | Gauntlet | Found a transporter.
 20643 | Gauntlet | Found a transporter.
 20648 | Gauntlet | Found a transporter.
 20667 | Gauntlet | Found a transporter.
 20888 | Gauntlet | Noticed a minotaur
 20903 | Gauntlet | Killed a minotaur
 20904 | Gauntlet | Reached skill level 5 in Dodging
 20908 | Gauntlet | Identified the +5 trident of Ludwaj {flame, rPois rF+}
 20908 | Gauntlet | Identified the +5 halberd "Vesautz" {vamp, rElec rC+}
 21709 | Lair:2   | Reached skill level 1 in Shields
 21947 | Lair:2   | Reached skill level 5 in Air Magic
 22093 | Lair:2   | Reached ***** piety under Ashenzari
 22129 | Lair:2   | Identified the +2 pair of gloves "Gasompoho" {rElec Str-2
                  | Dex+2 Slay+2}
 22474 | Lair:2   | Found a staircase to the Swamp.
 22738 | Lair:3   | Gained mutation: A demonic guardian rushes to your aid.
                  | [demonic ancestry]
 22738 | Lair:3   | Reached XP level 14. HP: 115/118 MP: 31/31
 22759 | Lair:3   | Found a staircase to the Snake Pit.
 23801 | Lair:4   | Learned a level 4 spell: Airstrike
 24515 | Lair:4   | Learned a level 5 spell: Irradiate
 24932 | Lair:5   | Entered Level 5 of the Lair of Beasts
 24984 | Lair:5   | Reached skill level 10 in Spellcasting
 25537 | Lair:5   | Found a viscous altar of Jiyva.
 26009 | Lair:5   | Found a staircase to the Slime Pits.
 26354 | D:12     | Learned a level 7 spell: Orb of Destruction
 26365 | D:12     | Gained mutation: You are mostly covered in sharp spines.
                  | [demonic ancestry]
 26365 | D:12     | Reached XP level 15. HP: 128/133 MP: 33/35
 26381 | D:12     | HP: 2/133 [burnt (14)]
 26800 | D:12     | Identified a scroll of acquirement
 27529 | D:13     | Identified the +3 buckler of Ymeofad {Int+5 Stlth+}
 27634 | D:13     | Found a gate to the Vaults.
 27732 | D:13     | Learned a level 3 spell: Ozocubu's Armour
 27736 | D:13     | Learned a level 3 spell: Frozen Ramparts
 28840 | D:15     | Entered Level 15 of the Dungeon
 28842 | D:15     | Found a shadowy altar of Dithmenos.
 29168 | D:15     | Reached skill level 10 in Fighting
 29362 | D:15     | Paralysed by an orc sorcerer for 3 turns
 29760 | D:15     | Found a staircase to the Depths.
 30017 | Snake:1  | Entered Level 1 of the Snake Pit
 30396 | Snake:1  | Reached ****** piety under Ashenzari
 30406 | Snake:1  | Reached XP level 16. HP: 132/144 MP: 35/37
 31019 | Snake:1  | Identified the serpent talisman of Proximity {*Slow Will-
                  | Dex+8}
 31019 | Snake:1  | Noticed Aizul
 31037 | Snake:1  | Killed Aizul
 31868 | Snake:2  | Found a runed translucent door.
 31955 | Snake:2  | Found a bloodstained altar of Trog.
 31955 | Snake:2  | Noticed zewo's ghost (adept DrDe)
 31961 | Snake:2  | Found a transporter.
 31963 | Snake:2  | Found a transporter.
 31964 | Snake:2  | Identified the +0 helmet of Relativism {rPois Int-2 Dex+4}
 32062 | Snake:2  | Identified the +7 chain mail "Siobeff" {Fly Will+}
 32374 | Snake:2  | Noticed Mlioglotl
 32756 | Snake:3  | Reached skill level 5 in Alchemy
 33401 | Snake:3  | Noticed Mara
 33404 | Snake:3  | Noticed Esekla's illusion
 33872 | Snake:3  | Noticed Esekla's illusion
 33889 | Snake:3  | Killed Mara
 34487 | D:1      | Bought a book of Flames for 392 gold pieces
 34492 | D:1      | Learned a level 4 spell: Sticky Flame
 34715 | Orc:2    | Bought a book of Scorching for 450 gold pieces
 34718 | Orc:2    | Learned a level 2 spell: Scorch
 35029 | Snake:2  | Killed Mlioglotl
 35346 | Snake:4  | Entered Level 4 of the Snake Pit
 35423 | Snake:4  | Reached XP level 17. HP: 121/153 MP: 39/39
 35558 | Snake:4  | Found Kuanithru's Tiny Tomes.
 35723 | Snake:4  | Found Cegiwyll's Mayhem Merchandise.
 37043 | Snake:4  | Got a serpentine rune of Zot
 37091 | Snake:4  | Reached skill level 5 in Throwing
 38136 | Swamp:1  | Entered Level 1 of the Swamp
 39426 | Swamp:2  | Noticed Nikola
 39446 | Swamp:1  | Killed Nikola
 39977 | Swamp:2  | Noticed Jorgrun
 39991 | Swamp:2  | Killed Jorgrun
 40185 | Swamp:2  | Found a runed translucent door.
 40185 | Swamp:2  | Found a shimmering altar of Xom.
 40185 | Swamp:2  | Noticed Xokem's ghost (journeyman DrHs)
 40185 | Swamp:2  | Identified the +0 chain mail "Peavaur" {Int+4}
 40185 | Swamp:2  | Found the +13 scythe of Curses {drain, curses, ^Drain}
 40195 | Swamp:2  | Learned a level 3 spell: Mephitic Cloud
 40327 | Swamp:3  | Noticed a tentacled monstrosity
 40561 | Swamp:3  | Gained mutation: A powerful demonic guardian rushes to your
                  | aid. [demonic ancestry]
 40561 | Swamp:3  | Reached XP level 18. HP: 144/162 MP: 41/41
 40607 | Swamp:3  | Killed a tentacled monstrosity
 41051 | Swamp:4  | Entered Level 4 of the Swamp
 41411 | Swamp:4  | Reached skill level 10 in Air Magic
 42204 | Swamp:4  | Got a decaying rune of Zot
 42647 | Vaults:1 | Entered Level 1 of the Vaults
 42648 | Vaults:1 | Upgraded the game from 0.32-a0-898-g7811c86cf0 to
                  | 0.32-a0-900-g30fb1b0edc
 42854 | Vaults:1 | Noticed Donald
 42864 | Vaults:1 | Killed Donald
 43062 | D:14     | Acquired 628 gold pieces
 43069 | D:14     | Learned a level 4 spell: Dispel Undead
 43720 | Vaults:1 | Killed from afar by a frost giant

Illustrated notes

Levels and vault maps discovered:
D:1:      psy_arrival_basics, layout_basic, serial_shops,
          nicolae_shop_just_a_little_nook, nicolae_shop_advertising_works
          [nicolae_subvault_shop_adworks], nicolae_book_shop_shelving,
          chequers_arboretum
D:2:      layout_rooms, moated_statue, minmay_tetromino_i4
D:3:      layout_rooms, nicolae_hexahallways, uniq_natasha
D:4:      layout_basic, hangedman_decor_opposing, uniq_blork_the_orc
D:5:      minmay_diamond_boxcup, layout_loops_corners,
          mainiacjoe_overflow_tiny_flanked, nicolae_ashenzari_panopticon,
          brannock_xom_greatest_gift, nicolae_nh_ransacked_shop
D:6:      layout_layer_cave, lemuel_doored_altar, kennysheep_mini,
          portal_sewer_entry_c
D:7:      layout_basic, marbit_many_paths, nicolae_overflow_hidden_temple,
          minmay_temple_entry_enclosed_plants
D:8:      layout_basic, fedhas_altar_3, dpeg_lair_monsters, enter_bailey_7
D:9:      layout_layer_cave, nicolae_uskayaw_en_pointe, uniq_prince_ribbit1
D:10:     layout_irregular_city, david_orc_4, serial_shops,
          nicolae_shop_hallway_stairs, nicolae_square_shop,
          nicolae_shop_scrapyard, nicolae_shop_back_alley_shop,
          kennysheep_mini_moat, minmay_splitting_lines,
          chequers_serial_rivers_large_a, minmay_mirror_moons_of_madness,
          uniq_harold
D:11:     layout_irregular_city, hangedman_misty_isle
D:12:     layout_big_octagon, grunt_potential
D:13:     layout_roguey, skrybe_vaults_entry_preservation
D:14:     layout_gridville, hangedman_abyss_or_decor_stagger
D:15:     grunt_enter_depths_magical_seal, layout_long_grid,
          nicolae_dithmenos_shadow_blocks
Temple:   nicolae_temple_bog_church
Lair:1:   layout_gridlike, gauntlet_entry_generic, grunt_megastairs_4
Lair:2:   layout_regular_city, mainiacjoe_swamp_entry_angry_trees
Lair:3:   layout_layer_cave, minmay_snake_entry_six_corridors,
          roderic_carrion_pond, grunt_megastairs_2
Lair:4:   layout_cave_pods, st_stairs_6
Lair:5:   minmay_lair_end_frog_pond, layout_layer_cave,
          minmay_slime_entry_oklob_open
Swamp:1:  layout_falls_marsh, nicolae_swamp_well_well_well,
          hangedman_swamp_wriggling, infiniplex_staircase_pool_2,
          nicolae_swamp_decorative_isthmus
Swamp:2:  layout_falls_marsh, ebering_ghost_xom, nicolae_swamp_tree_designs,
          uniq_jorgrun, uniq_nikola
Swamp:3:  layout_basic_swamp, evilmike_swamp_ruin_rubble_2
Swamp:4:  swamp, layout_basic_swamp
Snake:1:  layout_chambers, uniq_aizul
Snake:2:  cheibrodos_toxic_ritual, layout_onion_interference, special_room,
          gammafunk_ghost_wrathful_warriors, uniq_mlioglotl
Snake:3:  layout_cave_town, serial_library_regret_index_small_wings, uniq_mara
Snake:4:  snake_pit, layout_chambers, nicolae_shop_i_like_small_books_too,
          serial_bayou_ford_a, minmay_shop_mayhem,
          nicolae_snake_serpentine_hallways,
          serial_library_hellmonk_reading_circle
Orc:1:    layout_caves, basic_altar, portal_ice_cave_demonic_guard
Orc:2:    st_orc_rangers, layout_caves, serial_shops,
          nicolae_shop_back_alley_shop, uniq_maurice
Vaults:1: nicolae_vaults_alarming, nicolae_vaults_little_squares_4,
          nicolae_vaults_little_squares_5, v_misc_24, v_misc_18,
          hangedman_vaults_trim, ontoclasm_vaults_eye, v_alt_pattern_6,
          nicolae_vaults_storage_closets_3, v_misc_15,
          nicolae_vaults_hexular_roomagon, nicolae_vaults_security_offices_6,
          layout_vaults_big_room, uniq_norris, uniq_donald

Skill      XL: |  1  2  3  4  5  6  7  8  9 10 11 12 13 14 15 16 17 18 |
---------------+-------------------------------------------------------+-----
Fighting       | 1 2 3 4 5 6 7 8 9 10 11 12 | 12.3
Short Blades   | 1 |  1.9
Necromancy     | 3 4 5 6 7 8 9 |  9.8
Dodging        | 1 2 4 5 6 |  6.5
Spellcasting   | 3 4 5 6 7 8 9 10 11 12 14 | 14.7
Translocations | 1 2 3 4 |  4.7
Polearms       | 2 4 6 7 8 9 10 11 12 13 14 | 14.0
Stealth        | 1 2 3 4 |  4.8
Throwing       | 1 2 3 4 5 6 |  6.7
Air Magic      | 1 3 4 5 6 7 8 9 10 | 10.4
Armour         | 2 3 |  3.9
Ice Magic      | 1 2 3 5 6 7 |  7.6
Conjurations   | 1 3 4 6 7 8 9 |  9.4
Fire Magic     | 1 3 4 5 6 7 |  7.2
Alchemy        | 1 3 4 5 |  5.7
Shields        | 1 2 3 4 |  4.3
Summonings     | |  5.0
Evocations     | |  0.3

Action                     |  1- 3 |  4- 6 |  7- 9 | 10-12 | 13-15 | 16-18 || total
---------------------------+-------+-------+-------+-------+-------+-------++-------
  Melee: Club              |    20 |       |       |       |       |       ||    20
         Dagger            |   117 |   255 |     9 |       |       |       ||   381
         Tailslap          |    10 |    31 |    28 |    71 |   140 |   101 ||   381
         Trident           |       |       |   322 |   663 |   782 |   669 ||  2436
  Throw: Dart              |       |     5 |    15 |    53 |    14 |       ||    87
         Boomerang         |       |       |     3 |    27 |    30 |   167 ||   227
         Throwing net      |       |       |     1 |       |       |       ||     1
   Cast: Vampiric Draining |     3 |    30 |    34 |    59 |    51 |    35 ||   212
         Blink             |       |       |     1 |     2 |       |     4 ||     7
         Apportation       |       |       |       |    24 |    45 |    34 ||   103
         Ignite Poison     |       |       |       |    36 |    68 |    59 ||   163
         Summon Lightning  |       |       |       |     8 |     3 |     1 ||    12
         Freezing Cloud    |       |       |       |     4 |    73 |   143 ||   220
         Irradiate         |       |       |       |       |       |    11 ||    11
         Sticky Flame      |       |       |       |       |       |     6 ||     6
         Scorch            |       |       |       |       |       |     2 ||     2
         Frozen Ramparts   |       |       |       |       |       |    12 ||    12
         Ozocubu's Armour  |       |       |       |       |       |     7 ||     7
         Orb of Destructio |       |       |       |       |       |     2 ||     2
         Airstrike         |       |       |       |       |       |     1 ||     1
 Invoke: Curse Item        |       |       |     4 |     3 |     7 |       ||    14
         Shatter the Chain |       |       |       |     3 |     2 |     1 ||     6
  Evoke: Wand              |       |       |       |     4 |       |       ||     4
         Lightning rod     |       |       |       |       |       |     2 ||     2
    Use: Scroll            |     1 |     2 |     5 |     2 |     2 |     7 ||    19
         Potion            |       |     1 |     2 |     4 |     4 |     5 ||    16
   Stab: Sleeping          |       |     1 |     2 |     2 |    11 |    33 ||    49
         Distracted        |       |       |       |     1 |     3 |     3 ||     7
 Armour: Scale mail        |    55 |       |       |       |       |       ||    55
         Skin              |    30 |       |       |       |       |       ||    30
         Robe              |    12 |   170 |    46 |   140 |    69 |       ||   437
         Leather armour    |       |       |   186 |    37 |       |       ||   223
         Steam dragon scal |       |       |       |   177 |       |       ||   177
         Troll leather arm |       |       |       |       |   356 |   404 ||   760
  Dodge: Dodged            |    80 |   167 |   184 |   286 |   302 |   182 ||  1201
  Block: Other             |       |       |       |    36 |    94 |       ||   130
         Reflection        |       |       |       |    24 |    19 |    38 ||    81
         Buckler           |       |       |       |       |    92 |   253 ||   345

Table legend: (Time is in decaauts)
 A = Elapsed time spent in this place.
 B = Non-inter-level travel time spent in this place.
 C = Inter-level travel time spent in this place.
 D = Time resting spent in this place.
 E = Time spent auto-exploring this place.
 F = Levels seen in this place.
 G = Mean time per level.
                   A        B        C        D        E       F      G
               +--------+--------+--------+--------+--------+-----+--------+
         Total |  43648 |  39396 |   4252 |  10153 |  11511 |  36 | 1212.4 |
       Dungeon |  19652 |  16739 |   2913 |   3041 |   5988 |  15 | 1310.1 |
        Temple |      1 |      1 |      0 |      0 |      0 |   1 |    1.0 |
          Lair |   5622 |   5022 |    600 |    599 |   2170 |   5 | 1124.4 |
         Swamp |   4472 |   4316 |    156 |   1544 |   1293 |   4 | 1118.0 |
     Snake Pit |   7340 |   6992 |    348 |   2265 |   1406 |   4 | 1835.0 |
  Orcish Mines |   3219 |   3011 |    208 |   1500 |    508 |   2 | 1609.5 |
        Vaults |    935 |    910 |     25 |    300 |     26 |   1 |  935.0 |
         Sewer |    382 |    382 |      0 |     47 |     43 |   1 |  382.0 |
        Bailey |    401 |    401 |      0 |     28 |     53 |   1 |  401.0 |
      Ice Cave |   1184 |   1184 |      0 |    765 |     23 |   1 | 1184.0 |
      Gauntlet |    434 |    434 |      0 |     62 |      0 |   1 |  434.0 |
               +--------+--------+--------+--------+--------+-----+--------+

Top non-repeatable levels by time:
 Snake:4: 2628 daAuts
     D:1: 2167 daAuts
   Orc:1: 1992 daAuts
    D:10: 1840 daAuts
 Snake:3: 1748 daAuts
     D:9: 1617 daAuts
 Snake:1: 1573 daAuts
     D:5: 1503 daAuts
     D:8: 1457 daAuts
 Swamp:4: 1396 daAuts
 Snake:2: 1389 daAuts
     D:3: 1364 daAuts
     D:4: 1362 daAuts
     D:7: 1316 daAuts
 Swamp:1: 1262 daAuts
